 Dungeon Crawl Stone Soup version 0.28.0 (webtiles) character file.

Game seed: 5699808431024424275

4025 DildoBatman the Blocker (level 10, 0/67 HPs)
             Began as a Formicid Conjurer on Feb 17, 2022.
             Was a Believer of Kikubaaqudgha.
             Succumbed to Erica's bolt of poison
             ... on level 8 of the Dungeon.
             The game lasted 00:36:27 (8323 turns).

DildoBatman the Blocker (Formicid Conjurer)         Turns: 8323, Time: 00:36:27

Health: 0/67       AC:  5    Str: 20    XL:     10   Next: 47%
Magic:  14/20      EV: 10    Int: 18    God:    Kikubaaqudgha [**....]
Gold:   474        SH: 19    Dex: 11    Spells: 15/23 levels left

rFire   . . .      SeeInvis +   b - +0 hunting sling
rCold   + . .      Faith    .   H - +2 tower shield
rNeg    . . .      Spirit   .   A - +1 robe of Dramatic Exits {Str+2}
rPois   .          Reflect  .   (helmet unavailable)
rElec   .          Harm     .   x - +0 cloak
rCorr   +          Rampage  .   g - +0 pair of gloves
Will    +....                   (no boots)
Stlth   ++........              (no amulet)
HPRegen 0.21/turn               C - +6 ring of strength
MPRegen 0.17/turn               U - ring of resist corrosion

@: lethally poisoned (0 -> -10)
A: permanent stasis, dig shafts and tunnels, antennae 3, four strong arms,
clumsy 1, cold resistance 1
a: Dig, Shaft Self, Renounce Religion, Receive Corpses


You were on level 8 of the Dungeon.
You worshipped Kikubaaqudgha.
Kikubaaqudgha was pleased with you.
You visited 2 branches of the dungeon, and saw 9 of its levels.
You also visited: Ossuary.

You collected 474 gold pieces.

Inventory:

Hand Weapons
 a - a +1 falchion
 b - a +0 hunting sling (weapon)
 d - a +2 dagger of draining
 e - a +0 dagger of venom
 Q - a +2 vorpal mace
Missiles
 f - 12 poisoned darts
 m - 103 arrows
 n - 131 stones (quivered ammo)
 r - 64 bolts
 B - 7 boomerangs
 T - 5 curare-tipped darts
Armour
 g - a +0 pair of gloves (worn)
 h - a scarf of repulsion
 v - the +0 robe of Sif Muna's Whim {Harm rPois Str+5}
   (You found it on level 7 of the Dungeon)

   Str:       It affects your strength (+5).
   rPois:     It protects you from poison.
   Harm:      It increases damage dealt and taken.
 x - a +0 cloak (worn)
 A - the +1 robe of Dramatic Exits (worn) {Str+2}
   (You found it on level 4 of the Dungeon)

   Str:       It affects your strength (+2).
 H - a +2 tower shield (worn)
Magical Staves
 c - a staff of cold
 E - a staff of fire
 I - a staff of earth
Jewellery
 p - an amulet of guardian spirit
 C - a +6 ring of strength (left hand)
 U - a ring of resist corrosion (right hand)
Wands
 F - a wand of flame (14)
 R - a wand of iceblast (13)
Scrolls
 k - 2 scrolls of vulnerability {unknown}
 q - 3 scrolls of immolation {unknown}
 t - a scroll of enchant weapon
 u - a scroll of holy word
 y - 2 scrolls of fear {unknown}
 z - a scroll of torment {unknown}
 G - 2 scrolls of teleportation {unknown}
 J - 2 scrolls of fog {unknown}
 M - a scroll of noise
 N - 2 scrolls of blinking {unknown}
 O - a scroll of enchant armour {unknown}
 P - a scroll of summoning {unknown}
 S - a scroll of identify
Potions
 i - a potion of brilliance
 j - 3 potions of resistance
 l - 3 potions of degeneration
 o - a potion of ambrosia {unknown}
 s - a potion of lignification {unknown}
 w - 2 potions of mutation
 D - a potion of magic {unknown}
 L - a potion of curing {unknown}


   Skills:
 - Level 2.0 Fighting
 - Level 2.0 Armour
 - Level 1.7 Dodging
 - Level 2.4 Stealth
 * Level 13.4 Shields
 - Level 7.0 Spellcasting
 - Level 6.0 Conjurations


You had 15 spell levels left.
You knew the following spells:

 Your Spells              Type           Power      Damage    Failure   Level
a - Searing Ray           Conj           54%        2d6       4%          2
c - Magic Dart            Conj           100%       1d8       2%          1
d - Vampiric Draining     Necr           6%         2d6       69%         3
z - Sublimation of Blood  Necr           6%         N/A       45%         2

Your spell library contained the following spells:

 Spells                   Type           Power      Damage    Failure   Level
 Dazzling Flash           Conj/Hex       34%        N/A       28%         3
 Animate Skeleton         Necr           12%        N/A       32%         1
 Slow                     Hex            24%        N/A       32%         1
 Corpse Rot               Necr/Air       12%        N/A       45%         2
 Wereblood                Tmut           6%         N/A       45%         2
 Fulminant Prism          Conj/Hex       8%         3d7       67%         4
 Iskenderun's Mystic Bla  Conj/Tloc      17%        2d5       67%         4
 Confusing Touch          Hex            6%         N/A       69%         3
 Lightning Bolt           Conj/Air       8%         1d21      95%         5
 Airstrike                Air            3%         N/A       97%         4
 Leda's Liquefaction      Hex/Erth       3%         N/A       97%         4
 Olgreb's Toxic Radiance  Pois           6%         N/A       97%         4
 Summon Lightning Spire   Summ/Air       6%         N/A       97%         4
 Agony                    Necr           6%         N/A       100%        5
 Lee's Rapid Deconstruct  Erth           3%         3d6*      100%        5
 Statue Form              Tmut/Erth      4%         N/A       100%        6
 Ozocubu's Refrigeration  Ice            3%         4d5       100%        7
 Summon Hydra             Summ           3%         N/A       100%        7
 Ignition                 Fire           3%         3d4       100%        8


Dungeon Overview and Level Annotations

Branches:
Dungeon (8/15)             Temple (1/1) D:4            Lair (0/6) D:8
Ossuary (visited)

Altars:
Ashenzari
Cheibriados
Elyvilon
Fedhas
Gozag
Hepliaklqana
Kikubaaqudgha
Makhleb
Nemelex Xobeh
Okawaru
Ru
Sif Muna
Trog
Uskayaw
Wu Jian
Xom
Zin
The Shining One

Portals:
Abyss: D:5

Annotations:
D:5 2 transporters, Xye's ghost, novice HOFi
D:7 exclusions: 2 centaurs and 5 more exclusions
D:8 Erica


Innate Abilities, Weirdness & Mutations

You cannot be hasted, slowed, berserked, paralysed or teleported.
You can dig through walls and to a lower floor.
You have a pair of large antennae on your head. (SInv)
Your four strong arms can wield two-handed weapons with a shield.
You are clumsy. (Dex -2)
Your flesh is cold resistant. (rC+)


Message History

The slime creature blinks!
The large slime creature blinks!
You feel a strange sense of stasis.
The slime creature blinks!
You are too confused!
Unknown command.
The large slime creature enters a dispersal trap!
The slime creature blinks! x2
You feel a strange sense of stasis.
The large slime creature blinks!
Erica casts a spell at you. You resist with some effort.
Two slime creatures merge to form a very large slime creature.
Erica points at you and mumbles some strange words.
The bolt of poison hits you!!
You are poisoned.
You feel protected.
You feel very sick.
It was a potion of mutation.
You feel extremely strange.
You feel clumsy.
You feel resistant to cold.
You feel very sick. Erica casts a spell at you. The lance of force hits you!!
You are knocked back by the lance of force.
You collide with the very large slime creature!
The very large slime creature is moderately wounded.
You enter a dispersal trap!
The very large slime creature blinks!
Erica blinks!
The very large slime creature blinks!
You feel a strange sense of stasis.
It was a potion of cancellation.
Your magical effects are unravelling.
You feel magically purged.
You feel less confused.
Your resistance to elements expires.
You die...
Kikubaaqudgha rasps: "You have failed me!
Welcome... death!"

#......#.####<#)..#..#...#.#.##.
##.{....#..........#..#.#.#.#....
#....{..######........#.#.#...@##
#...#################.#...###....
............# #.((((#...#....#.
............# #...(.#...#.#.###
........(((.#####.{.(.#.........#
....#######.(#.#(#.(..#>#[##..#.#
.....######((ยง^(@(....#[#..#..#.#
........(((..#####(...#.##.#..# #
.............{........[.# ....#
......................### #...# #
......................... ...# #
.....###....####.###########..# #
.....# #....# #.# #.....# .>. #
.....# #....# #[####.###.#######
.....# #....# #)#....# #........


There were no monsters in sight!

Vanquished Creatures
  Maurice (D:8)
  A troll (D:5)
  2 slime creatures (D:8)
  A wraith (Ossuary)
  A steam dragon (D:8)
  3 water moccasins
  2 orc warriors
  2 sky beasts (D:6)
  A black bear (D:8)
  A necrophage (D:7)
  4 ogres
  2 centaurs
  A phantom (D:4)
  A bullfrog (D:8)
  3 scorpions
  6 killer bees
  2 howler monkeys (D:8)
  2 hounds (D:5)
  6 orc priests
  3 bullfrog skeletons
  2 centaur skeletons
  A gnoll shaman (D:5)
  2 iguanas
  3 orc wizards
  A killer bee zombie (D:8)
  A mummy (Ossuary)
  A hound skeleton (D:4)
  9 adders
  A white imp (D:6)
  An adder skeleton (D:4)
  A worm (D:2)
  2 dart slugs (D:1)
  27 orcs
  5 bats
  4 endoplasms
  6 giant cockroaches
  6 goblins
  9 hobgoblins
  4 jackals (D:1)
  4 ball pythons
  2 frilled lizards
  7 gnoll skeletons (Ossuary)
  8 kobolds
  5 kobold skeletons (Ossuary)
  13 orc skeletons (Ossuary)
  2 quokka zombies (D:6)
  3 rats
  4 butterflies (D:1)
179 creatures vanquished.

Notes
Turn   | Place    | Note
-------+----------+-------------------------------------------
     0 | D:1      | DildoBatman the Formicid Conjurer began the quest for the
                  | Orb.
     0 | D:1      | Reached XP level 1. HP: 13/13 MP: 3/3
   238 | D:1      | Reached XP level 2. HP: 19/19 MP: 1/5
   243 | D:1      | Learned a level 2 spell: Searing Ray
   514 | D:1      | Found a faded altar of an unknown god.
   810 | D:1      | Reached XP level 3. HP: 24/24 MP: 0/6
  1320 | D:2      | Learned a level 3 spell: Vampiric Draining
  1497 | D:2      | Reached XP level 4. HP: 30/30 MP: 3/7
  1571 | D:2      | Reached skill level 5 in Conjurations
  2251 | D:3      | Reached XP level 5. HP: 28/35 MP: 1/8
  3001 | D:4      | Reached skill level 1 in Fighting
  3008 | D:4      | Reached skill level 1 in Armour
  3019 | D:4      | Identified the +1 robe of Dramatic Exits {Str+2}
  3053 | D:4      | Reached XP level 6. HP: 32/44 MP: 2/10
  3072 | D:4      | Found a staircase to the Ecumenical Temple.
  3106 | Temple   | Entered the Ecumenical Temple
  3147 | Temple   | Became a worshipper of Kikubaaqudgha
  3275 | D:4      | Found a blossoming altar of Fedhas.
  3534 | D:4      | Noticed an ogre
  3552 | D:4      | Killed an ogre
  3592 | D:4      | Reached XP level 7. HP: 50/50 MP: 6/12
  3790 | D:5      | Entered Level 5 of the Dungeon
  3791 | D:5      | Noticed a troll
  4018 | D:5      | Found a transporter.
  4031 | D:4      | Reached skill level 5 in Spellcasting
  4101 | D:5      | Noticed a water moccasin
  4225 | D:5      | Reached XP level 8. HP: 27/56 MP: 8/17
  4422 | D:5      | Learned a level 2 spell: Sublimation of Blood
  4669 | D:5      | Found a one-way gate to the infinite horrors of the Abyss.
  4669 | D:5      | Noticed Xye's ghost (novice HOFi)
  4706 | D:5      | Found a transporter.
  4802 | D:5      | Found a white marble altar of Elyvilon.
  4855 | D:5      | Reached skill level 1 in Shields
  5012 | D:5      | Reached skill level 3 in Shields
  5355 | D:6      | Reached skill level 4 in Shields
  5418 | D:6      | Found a snail-covered altar of Cheibriados.
  5424 | D:6      | Found a hide-covered altar of Uskayaw.
  5446 | D:6      | Found a sand-covered staircase.
  5522 | D:6      | Reached * piety under Kikubaaqudgha
  5522 | D:6      | Received a gift from Kikubaaqudgha
  5533 | D:6      | Reached skill level 5 in Shields
  5641 | Ossuary  | Entered an ossuary
  5641 | Ossuary  | Noticed a wraith
  5641 | Ossuary  | Noticed a wraith
  5641 | Ossuary  | Noticed a wraith
  5714 | Ossuary  | Reached skill level 6 in Shields
  5765 | Ossuary  | Noticed a wraith
  5861 | Ossuary  | Killed a wraith
  5862 | Ossuary  | Reached skill level 7 in Shields
  5862 | Ossuary  | Reached XP level 9. HP: 60/61 MP: 1/19
  6151 | D:6      | Found a sparkling altar of Nemelex Xobeh.
  6594 | D:7      | Reached skill level 8 in Shields
  6719 | D:7      | Reached skill level 9 in Shields
  6801 | D:7      | Identified the +0 robe of Sif Muna's Whim {Harm rPois
                  | Str+5}
  6831 | D:7      | Reached ** piety under Kikubaaqudgha
  7051 | D:8      | Reached skill level 10 in Shields
  7140 | D:8      | Noticed Maurice
  7212 | D:8      | Killed Maurice
  7213 | D:8      | Reached skill level 11 in Shields
  7213 | D:8      | Reached XP level 10. HP: 48/67 MP: 0/20
  7512 | D:8      | Reached skill level 12 in Shields
  7552 | D:8      | Found a staircase to the Lair.
  7595 | D:8      | Noticed Erica
  8002 | D:8      | Reached skill level 13 in Shields
  8322 | D:8      | Gained mutation: You are clumsy. (Dex -2) [potion of
                  | mutation]
  8322 | D:8      | Gained mutation: Your flesh is cold resistant. (rC+)
                  | [potion of mutation]
  8322 | D:8      | HP: 3/67 [Erica/lance of force (20)]
  8323 | D:8      | Succumbed to Erica's bolt of poison

Illustrated notes

Levels and vault maps discovered:
D:1:      matt_arrival_los_fun, layout_loops_corners,
          ebering_ecumenical_altar_rust, kennysheep_another_room,
          hangedman_glass_garden, nrook_uturn, minivault_5,
          chequers_serial_rivers_micro_a
D:2:      layout_loops_corners, nrook_mini_backslash, kennysheep_minor_cross,
          chequers_mini_garden
D:3:      layout_rooms
D:4:      kennysheep_big_flooded_room, layout_rooms, fedhas_altar_4,
          minmay_temple_entry_offerings
D:5:      kennysheep_six_static_rooms, layout_rooms, elyvilon_altar_3,
          gammafunk_ghost_abyssal_escape, minmay_strange_pillars,
          chequers_garden
D:6:      layout_loops_cross, mainiacjoe_overflow_big_doors,
          mainiacjoe_overflow_tiny_flanked, enter_ossuary_4
D:7:      layout_rooms, amcnicky_mini_corridor_feature, centaur_isle
D:8:      layout_basic, lair_entry_dummy, ebering_dispersal_statue_hall,
          kennysheep_generic_room_15, uniq_erica, uniq_maurice
Temple:   nicolae_temple_god_jail

Skill      XL: |  1  2  3  4  5  6  7  8  9 10 |
---------------+-------------------------------+-----
Conjurations   | 4 5 6 |  6.0
Fighting       | 1 2 |  2.0
Armour         | 1 2 |  2.0
Spellcasting   | 3 6 7 |  7.0
Shields        | 7 11 13 | 13.4
Dodging        | |  1.7
Stealth        | |  2.4

Action                   |  1- 3 |  4- 6 |  7- 9 | 10-12 || total
-------------------------+-------+-------+-------+-------++-------
Melee: Dagger            |    22 |    17 |     9 |       ||    48
       Falchion          |       |     2 |     1 |     5 ||     8
 Fire: Hunting sling     |       |    41 |   118 |   128 ||   287
 Cast: Magic Dart        |    33 |    49 |    32 |    30 ||   144
       Searing Ray       |     6 |    11 |    57 |    28 ||   102
 Abil: Dig               |       |       |       |     2 ||     2
  Use: Scroll            |       |       |     5 |       ||     5
       Potion            |       |       |     3 |     3 ||     6
 Stab: Sleeping          |     2 |       |       |       ||     2
Armor: Robe              |     9 |    10 |    35 |    16 ||    70
Dodge: Dodged            |    19 |    32 |    65 |    15 ||   131
Block: Kite shield       |       |       |    37 |    13 ||    50
       Tower shield      |       |       |       |    45 ||    45
